 Dungeon Crawl Stone Soup version 0.21.1-1-g345015f (webtiles) character file.

23 shakethe the Grave Robber (level 3, 0/25 HPs)
             Began as a Gnoll Necromancer on Feb 10, 2018.
             Slain by a goblin
             ... wielding a +0 hand axe
              (2 damage)
             ... on level 1 of the Dungeon.
             The game lasted 00:01:21 (918 turns).

shakethe the Grave Robber (Gnoll Necromancer)        Turns: 918, Time: 00:01:22

Health: 0/25       AC:  8    Str: 11    XL:     3   Next: 0%
Magic:  9/9        EV:  6    Int: 17    God:
Gold:   26         SH:  0    Dex: 15    Spells: 10/11 levels left

rFire    . . .     SeeInvis .   d - +0 club
rCold    . . .     Gourm    .   (no shield)
rNeg     . . .     Faith    .   f - +0 chain mail
rPois    .         Spirit   .   (no helmet)
rElec    .         Reflect  .   (no cloak)
rCorr    .         Harm     .   (no gloves)
MR       .....                  (no boots)
Stlth    ..........             (no amulet)
HPRegen  0.08/turn              (no ring)
MPRegen  0.11/turn              (no ring)

@: no status effects
A: distributed training, fangs 1, strong nose
a: no special abilities


You were on level 1 of the Dungeon.
You were not hungry.

You visited 1 branch of the dungeon, and saw 1 of its levels.

You collected 26 gold pieces.

Inventory:

Hand Weapons
 d - a +0 club (weapon)
   (You took it off a goblin on level 1 of the Dungeon)
Armour
 a - a +0 robe
 f - a +0 chain mail (worn)
   (You found it on level 1 of the Dungeon)
Scrolls
 h - a scroll of blinking {unknown}
 i - a scroll of amnesia {unknown}
Potions
 e - a potion of flight {unknown}
 g - a potion of lignification {unknown}
Books
 b - a book of Necromancy
Comestibles
 c - 2 rations


   Skills:
 + Level 0.5 Fighting
 + Level 0.5 Short Blades
 + Level 0.5 Long Blades
 + Level 0.5 Axes
 + Level 0.5 Maces & Flails
 + Level 0.5 Polearms
 + Level 0.5 Staves
 + Level 0.5 Slings
 + Level 0.5 Bows
 + Level 0.5 Crossbows
 + Level 0.5 Throwing
 + Level 0.5 Armour
 + Level 4.5 Dodging
 + Level 4.1 Stealth
 + Level 0.5 Shields
 + Level 0.5 Unarmed Combat
 + Level 4.9 Spellcasting
 + Level 0.4 Conjurations
 + Level 0.4 Hexes
 + Level 0.4 Charms
 + Level 0.4 Summonings
 + Level 7.0 Necromancy
 + Level 0.4 Translocations
 + Level 0.4 Transmutations
 + Level 0.4 Fire Magic
 + Level 0.4 Ice Magic
 + Level 0.4 Air Magic
 + Level 0.4 Earth Magic
 + Level 0.4 Poison Magic
 + Level 0.7 Invocations
 + Level 0.5 Evocations


You had 10 spell levels left.
You knew the following spells:

 Your Spells              Type           Power        Failure   Level  Hunger
a - Pain                  Necr           ####         43%         1    None


Dungeon Overview and Level Annotations

Branches:
Dungeon (1/15)

Altars:


Innate Abilities, Weirdness & Mutations

Your experience applies equally to all skills.
You have very sharp teeth.
Your uncanny sense of smell can sniff out nearby items.


Message History

You are too injured to fight recklessly!
You are too injured to fight recklessly!
You are too injured to fight recklessly!
You are too injured to fight recklessly!
You are too injured to fight recklessly!
You are too injured to fight recklessly!
You are too injured to fight recklessly!
You are too injured to fight recklessly!
You are too injured to fight recklessly!
The jackal barely misses you.
You hit the jackal but do no damage.
The jackal bites you but does no damage. x2
You barely miss the jackal.
The jackal bites you but does no damage.
You hit the jackal.
You kill the jackal!
Your chain mail prevents you from hitting the jackal.
The jackal barely misses you.
The jackal bites you but does no damage.
Your chain mail prevents you from hitting the jackal.
The jackal bites you but does no damage.
The jackal barely misses you.
You barely miss the jackal.
The jackal bites you but does no damage.
You hit the jackal. Your bite misses the jackal. The jackal barely misses you.
The jackal completely misses you.
You hit the jackal.
The jackal bites you but does no damage.
The jackal barely misses you.
Your chain mail prevents you from hitting the jackal.
The jackal bites you but does no damage. x2
You closely miss the jackal. The jackal closely misses you.
The jackal barely misses you.
You hit the jackal.
You kill the jackal!
The jackal barely misses you.
Your chain mail prevents you from hitting the jackal.
The jackal completely misses you.
The jackal bites you but does no damage.
You hit the jackal but do no damage. You bite the jackal, but do no damage.
The jackal barely misses you. The jackal bites you.
You take 1 damage, and have 12/20 hp.
You hit the jackal but do no damage. The jackal barely misses you.
The jackal bites you but does no damage.
You closely miss the jackal. You bite the jackal, but do no damage.
The jackal completely misses you. The jackal bites you.
You take 1 damage, and have 11/20 hp.
You hit the jackal. The jackal bites you.
You take 2 damage, and have 9/20 hp.
You closely miss the jackal.
The jackal bites you but does no damage. x2
You hit the jackal. Your bite misses the jackal. The jackal bites you. x2
* * * LOW HITPOINT WARNING * * *
You take 3 damage, and have 6/20 hp.
Your chain mail prevents you from hitting the jackal.
The jackal barely misses you. The jackal bites you.
* * * LOW HITPOINT WARNING * * *
You take 2 damage, and have 4/20 hp.
You hit the jackal.
You kill the jackal!
The jackal completely misses you. The jackal closely misses you.
The jackal bites you.
* * * LOW HITPOINT WARNING * * *
You take 1 damage, and have 4/20 hp.
The jackal barely misses you.
The jackal bites you but does no damage.
The jackal bites you.
* * * LOW HITPOINT WARNING * * *
You take 2 damage, and have 2/20 hp.
The jackal bites you but does no damage.
The jackal barely misses you.
The jackal bites you but does no damage.
The jackal barely misses you.
The jackal bites you but does no damage.
The jackal bites you but does no damage.
The jackal bites you.
* * * LOW HITPOINT WARNING * * *
You see here a club.
The jackal completely misses you.
You take 2 damage, and have 1/20 hp.
The jackal bites you but does no damage.
The jackal bites you but does no damage.
Your chain mail prevents you from hitting the jackal.
You bite the jackal, but do no damage. The jackal barely misses you. x2
Your chain mail prevents you from hitting the jackal.
The jackal bites you but does no damage.
You hit the jackal. The jackal bites you.
* * * LOW HITPOINT WARNING * * *
The jackal barely misses you.
You take 1 damage, and have 1/20 hp.
You hit the jackal.
You kill the jackal!
You have reached level 3!
Your experience leads to an increase in your attributes!
Increase (S)trength, (I)ntelligence, or (D)exterity?
You feel stronger.
MP restored: 9 The goblin hits you with a hand axe.
You die...

#######
############.....#
.................#
##...[.........#@#
##.#############g#
..........).....g#
########.##.######
.........#
.##.#.#..#####
............#
##.########.#
#..........#


You could see a hobgoblin and a goblin.

Vanquished Creatures
  A dart slug (D:1)
  A leopard gecko (D:1)
  2 giant cockroaches (D:1)
  2 goblins (D:1)
  3 hobgoblins (D:1)
  4 jackals (D:1)
  2 bats (D:1)
  3 rats (D:1)
18 creatures vanquished.

Notes
Turn   | Place    | Note
-------+----------+-------------------------------------------
     0 | D:1      | shakethe the Gnoll Necromancer began the quest for the Orb.
     0 | D:1      | Reached XP level 1. HP: 13/13 MP: 6/6
    41 | D:1      | Reached XP level 2. HP: 11/19 MP: 2/7
   873 | D:1      | HP: 4/20 [jackal (2)]
   878 | D:1      | HP: 4/20 [jackal (1)]
   886 | D:1      | HP: 2/20 [jackal (2)]
   904 | D:1      | HP: 1/20 [jackal (2)]
   915 | D:1      | HP: 1/20 [jackal (1)]
   916 | D:1      | Reached XP level 3. HP: 1/25 MP: 9/9
   918 | D:1      | Slain by a goblin

Action                   || total
-------------------------++-------
Melee: Unarmed           ||     5
       Club              ||    50
       Bite              ||     6
 Cast: Pain              ||    15
Armor: Chain mail        ||    38
Dodge: Dodged            ||    39

Vault maps used:
D:1:      ncdulo_watergridlock

Table legend:
 A = Turns spent in this place as a percentage of turns spent in the entire game.
 B = Non-inter-level travel turns spent in this place as a percentage of non-inter-level travel turns spent in the entire game.
 C = Inter-level travel turns spent in this place as a percentage of turns spent in this place.
 D = Turns resting spent in this place as a percentage of non-inter-level travel turns spent in this place.
 E = Turns spent auto-exploring this place as a percentage of non-inter-level travel turns spent in this place.
 F = Non-inter-level travel turns spent in this place divided by the number of levels of this place that you've seen.
                   A       B       C       D       E      F
               +-------+-------+-------+-------+-------+----------------------
         Total | 100.0 | 100.0 |   0.0 |  49.5 |  29.4 | 918.0
       Dungeon | 100.0 | 100.0 |   0.0 |  49.5 |  29.4 | 918.0
               +-------+-------+-------+-------+-------+----------------------

Table legend:
 A = Kills in this place as a percentage of kills in entire the game.
 B = Kills by you in this place as a percentage of kills by you in the entire game.
 C = Kills by friends in this place as a percentage of kills by friends in the entire game.
 D = Other kills in this place as a percentage of other kills in the entire game.
 E = Experience gained in this place as a percentage of experience gained in the entire game.
 F = Experience gained in this place divided by the number of levels of this place that you have seen.
                   A       B       C       D       E      F
               +-------+-------+-------+-------+-------+----------------------
         Total | 100.0 | 100.0 |   N/A |   N/A | 100.0 |  34.0
       Dungeon | 100.0 | 100.0 |   N/A |   N/A | 100.0 |  34.0
               +-------+-------+-------+-------+-------+----------------------
